 Dungeon Crawl Stone Soup version 0.25.0-11-g1f837a76a1 (webtiles) character file.

Game seed: 5767442832302403622

105 funkygono the Chiller (level 4, 0/32 (33) HPs)
             Began as a Ghoul Ice Elementalist on June 27, 2020.
             Slain by an orc
             ... wielding a +0 mace
              (7 damage)
             ... on level 3 of the Dungeon on June 28, 2020.
             The game lasted 00:05:51 (2692 turns).

funkygono the Chiller (Ghoul Ice Elementalist)      Turns: 2692, Time: 00:05:52

HP:   0/32 (33)     AC:  2    Str: 11    XL:     4   Next: 83%
MP:   1/6           EV: 12    Int: 11    God:
Gold: 134           SH:  0    Dex:  9    Spells: 1/8 levels left

rFire    . . .     SeeInvis .     - Unarmed
rCold    + . .     Gourm    .   (no shield)
rNeg     + + +     Faith    .   a - +0 robe
rPois    ∞         Spirit   .   (no helmet)
rElec    .         Reflect  .   (no cloak)
rCorr    .         Harm     .   (no gloves)
MR       .....                  (no boots)
Stlth    ++........             (no amulet)
HPRegen  0.00/turn              (no ring)
MPRegen  0.10/turn              (no ring)

@: rotting
A: rotting body, claws 1, carnivore, cold resistance 1, negative energy
resistance 3, inhibited regeneration, torment resistance, unbreathing
a: no special abilities


You were on level 3 of the Dungeon.
You were hungry.

You visited 1 branch of the dungeon, and saw 3 of its levels.

You collected 134 gold pieces.

Inventory:

Missiles
 h - 103 stones (quivered)
Armour
 a - a +0 robe (worn)
Scrolls
 e - a scroll of remove curse
Potions
 b - a potion of might {unknown}
 d - a potion of magic {unknown}
 i - a potion of degeneration {unknown}
 m - 2 potions of curing
Comestibles
 c - 5 rations
 f - 6 chunks of flesh


   Skills:
 + Level 0.2 Fighting
 + Level 2.0 Dodging
 + Level 2.2 Stealth
 + Level 1.2 Unarmed Combat
 + Level 2.6 Spellcasting
 + Level 5.6 Ice Magic


You had one spell level left.
You knew the following spells:

 Your Spells              Type           Power        Failure   Level  Hunger
a - Freeze                Ice            ##..         2%          1    ##.....
b - Frozen Ramparts       Ice            ##....       9%          3    ####...
c - Ozocubu's Armour      Chrm/Ice       #.......     26%         3    ####...

Your spell library contained the following spells:

 Spells                   Type           Power        Failure   Level  Hunger
 Hailstorm                Conj/Ice       #.......     65%         4    #####..
 Summon Ice Beast         Ice/Summ       #.......     65%         4    #####..


Dungeon Overview and Level Annotations

Branches:
Dungeon (3/15)

Altars:
Nemelex Xobeh


Innate Abilities, Weirdness & Mutations

Your body is rotting away.
You thrive on raw meat.
You are immune to poison.
You have sharp fingernails.
You are carnivorous and can eat meat at any time.
Your flesh is cold resistant. (rC+)
You are immune to negative energy. (rN+++)
You do not regenerate when monsters are visible.
You are immune to unholy pain and torment.
You can survive without breathing.


Message History

You barely miss the orc.
The orc is severely wounded.
The orc closely misses you.
You scratch the orc.
The orc is almost dead.
The orc hits you with a +0 mace.
You scratch the orc but do no damage.
The orc is almost dead.
A goblin comes into view. It is wielding a +0 dagger.
The goblin shouts!
You scratch the goblin but do no damage.
The goblin hits you with a +0 dagger.
* * * LOW HITPOINT WARNING * * *
You scratch the goblin but do no damage.
The orc closely misses you. The goblin hits you with a +0 dagger.
* * * LOW HITPOINT WARNING * * *
You scratch the goblin.
You kill the goblin!
The orc hits you with a +0 mace!
You die...

######......# .##
####.÷.....>...# .#
...###....####......#
.#
#........####......#
.#
###.#.#.....#......#
.#
#.....###o#......##.#
####.#.#.#
#..#####....###
.........#
##..###.......###
.......###
##.o@)<(.÷.....#
.......#
#####(.)....#<..
.....$.# #.......#
...>...# #########
......)# .......#
.......# .......#
.......#


You could see 2 orcs.

Vanquished Creatures
  An orc wizard (D:3)
  2 adders (D:2)
  An orc (D:3)
  5 giant cockroaches
  9 goblins
  5 hobgoblins
  4 jackals (D:1)
  13 kobolds
  A quokka (D:2)
  4 bats
  2 frilled lizards
  7 rats
54 creatures vanquished.

Notes
Turn   | Place    | Note
-------+----------+-------------------------------------------
     0 | D:1      | funkygono the Ghoul Ice Elementalist began the quest for
                  | the Orb.
     0 | D:1      | Reached XP level 1. HP: 14/14 MP: 2/2
   267 | D:1      | Reached XP level 2. HP: 19/20 MP: 1/3
   353 | D:1      | Reached skill level 5 in Ice Magic
  1044 | D:1      | Reached XP level 3. HP: 22/26 MP: 2/4
  1065 | D:1      | Learned a level 3 spell: Ozocubu's Armour
  1725 | D:2      | Found a sparkling altar of Nemelex Xobeh.
  2090 | D:2      | Reached skill level 1 in Unarmed Combat
  2265 | D:2      | Reached XP level 4. HP: 32/33 MP: 4/6
  2539 | D:2      | Learned a level 3 spell: Frozen Ramparts
  2692 | D:3      | Slain by an orc

Illustrated notes

Levels and vault maps discovered:
D:1:      lightli_arrival_lavapool, layout_basic, nrook_campfire
D:2:      layout_rooms, lemuel_round_altar, minmay_misc_feat_room
D:3:      layout_rooms, nicolae_gozag_zags_fifth_avenue, lemuel_doored_altar,
          serial_glass, glass_columns_b, glass_columns_a, glass_columns_a,
          glass_columns_b, uniq_ijyb, uniq_crazy_yiuf_cottage

Skill      XL: |  1  2  3 |
---------------+----------+-----
Ice Magic      | 5 |  5.6
Spellcasting   | 2 |  2.6
Unarmed Combat | 1 |  1.2
Dodging        | 2 |  2.0
Fighting       | |  0.2
Stealth        | |  2.2

Action                   |  1- 3 |  4- 6 || total
-------------------------+-------+-------++-------
Melee: Unarmed           |    87 |    12 ||    99
 Cast: Freeze            |    45 |     8 ||    53
       Ozocubu's Armour  |     1 |       ||     1
       Frozen Ramparts   |       |     2 ||     2
  Use: Scroll            |     5 |       ||     5
 Stab: Sleeping          |     1 |       ||     1
  Eat: Chunk             |     5 |     2 ||     7
Armor: Robe              |    22 |       ||    22
Dodge: Dodged            |    77 |    16 ||    93
